 Dungeon Crawl Stone Soup version 0.24.0-125-gc4c63601f3 (webtiles) character file.

Game seed: 8253021675710904742, levelgen mode: deterministic

3593 Frank2 the Basher (level 9, -11/69 HPs)
             Began as a Demonspawn Gladiator on Mar 6, 2020.
             Was an Initiate of Ru.
             Mangled by a wight
             ... wielding a +1 hand axe of distortion
              (13 damage)
             ... on level 7 of the Dungeon.
             The game lasted 00:13:17 (5768 turns).

Frank2 the Basher (Demonspawn Gladiator)            Turns: 5768, Time: 00:13:17

Health: -11/69     AC:  8    Str: 15    XL:     9   Next: 85%
Magic:  0/9        EV: 13    Int: 10    God:    Ru [......]
Gold:   319        SH:  0    Dex: 15    Spells: 8/8 levels left

rFire    . . .     SeeInvis .   l - +2 flail (drain)
rCold    . . .     Gourm    .   (no shield)
rNeg     . . .     Faith    .   j - +0 ring mail
rPois    .         Spirit   +   (helmet restricted)
rElec    .         Reflect  .   s - scarf {Spirit}
rCorr    .         Harm     .   (no gloves)
MR       .....                  (no boots)
Stlth    +.........             (no amulet)
HPRegen  0.21/turn              (no ring)
MPRegen  0.11/turn              (no ring)

@: studying Short Blades, drained
A: hooves 1, horns 1, molten scales 1, clumsy 1, demonic guardian 1, spiny 1
a: Renounce Religion


You were on level 7 of the Dungeon.
You worshipped Ru.
Ru was noncommittal.
You were hungry.

You visited 1 branch of the dungeon, and saw 7 of its levels.

You collected 319 gold pieces.

Inventory:

Hand Weapons
 l - a +2 flail of draining (weapon)
Missiles
 d - 6 throwing nets (quivered)
Armour
 c - a +0 helmet
 j - a +0 ring mail (worn)
 k - a +0 leather armour of positive energy
 s - a scarf of spirit shield (worn)
Jewellery
 p - an uncursed ring of protection from fire
Wands
 a - a wand of acid (17)
 m - a wand of flame (31)
 o - a wand of paralysis (4)
 r - a wand of iceblast (4)
 w - a wand of enslavement (9)
Scrolls
 b - 3 scrolls of identify
 i - 5 scrolls of teleportation
 t - a scroll of blinking
Potions
 e - a potion of brilliance
 g - 2 potions of curing
 h - 2 potions of haste
 n - a potion of resistance
 u - a potion of invisibility
 v - 2 potions of lignification {unknown}
Books
 q - a manual of Short Blades
Comestibles
 f - 11 rations


   Skills:
 + Level 5.9(5.2) Fighting
 + Level 9.3(8.5) Maces & Flails
 - Level 1.7(1.1) Throwing
 + Level 6.0(5.3) Armour
 + Level 5.5(4.8) Dodging
 + Level 1.1(0.5) Evocations


You had 8 spell levels left.
You didn't know any spells.
Your spell library was empty.

Dungeon Overview and Level Annotations

Branches:
Dungeon (7/15)             Temple (0/1) D:7

Altars:
Ashenzari
Dithmenos
Fedhas
Gozag
Kikubaaqudgha
Qazlal
Ru
Sif Muna
Trog
Wu Jian

Shops:
D:5 [


Innate Abilities, Weirdness & Mutations

You have large cloven feet.
You are partially covered in molten scales. (AC +2)
A weak demonic guardian rushes to your aid.
You are partially covered in sharp spines.
You have a pair of small horns on your head.
You are clumsy. (Dex -2)


Message History

The wight is struck by your spines.
The wight hits you with a cursed +0 great sword!
* * * LOW HITPOINT WARNING * * *
Your ufetubus hits the wight but does no damage.
Your ufetubus misses the wight.
Your ufetubus hits the wight but does no damage.
Your ufetubus barely misses the wight.
Your ufetubus hits the wight but does no damage. x2
Something barely misses your ufetubus.
There is a stone staircase leading up here.
You hit the wight. You headbutt the wight.
The wight is moderately damaged.
Your ufetubus hits the wight but does no damage.
Your ufetubus hits the wight.
The wight hits you with a +1 hand axe of distortion!
* * * LOW HITPOINT WARNING * * *
You feel drained.
* * * LOW HITPOINT WARNING * * *
Space warps horribly around you!
You die...

#####...## #
##§...§### ###
##§§...§§##
#.#######§§§..§§§§#
#.)..##..§§§.....§§
#..#.......§._...§§
.
##)###....§§§....§.
.. #.#
##.#.§§...§§§# ..
#@## ####§...§§§##
#. #z.# ##§...§###
#..###5#
#####...####
#..z#z##
#........#.. #.)..#
#######.##.. ##.#(#
#..... #...# ####..
##..# #.. ##.# #..


You could see 2 wights and a friendly ufetubus.

Vanquished Creatures
  Pikel (D:4)
  The ghost of Amplified the Skirmisher, an amateur MiAK of Lugonu (D:3)
  Menkaure (D:4)
  Duvessa (D:5)
  An orc warrior (D:3)
  A slave (D:4)
  Purgy (D:3)
  3 ice beasts
  A black bear (D:7)
  An ogre (D:6)
  A centaur (D:6)
  A bullfrog (D:7)
  Dowan (D:5)
  A howler monkey (D:5)
  3 wights (D:7)
  A centaur zombie (D:5)
  A quasit (D:7)
  4 hounds
  A jelly (D:6)
  A gnoll shaman (D:3)
  2 orc priests (D:3)
  3 iguanas
  Ijyb (D:3)
  A centaur skeleton (D:5)
  6 orc wizards
  Natasha (thrice) (D:3)
  2 worker ants
  Robin (D:2)
  9 gnolls (D:3)
  9 adders
  8 worms
  2 dart slugs
  3 leopard geckos
  4 orcs
  5 giant cockroaches
  9 hobgoblins
  3 jackals (D:1)
  4 quokkas
  7 ball pythons
  6 bats
  A frilled lizard (D:2)
  15 goblins
  8 kobolds
  10 rats
149 creatures vanquished.

Vanquished Creatures (collateral kills)
  Harold (D:7)
  An ice beast (D:5)
  An ogre (D:7)
  An orc priest (D:7)
  A gnoll (D:3)
  An orc (D:3)
  A hobgoblin (D:2)
  A kobold (D:3)
8 creatures vanquished.

Vanquished Creatures (others)
  A slave (D:4)
  An orc (D:4)
  6 plants (D:3)
8 creatures vanquished.

Grand Total: 165 creatures vanquished

Notes
Turn   | Place    | Note
-------+----------+-------------------------------------------
     0 | D:1      | Frank2 the Demonspawn Gladiator began the quest for the
                  | Orb.
     0 | D:1      | Reached XP level 1. HP: 16/16 MP: 1/1
   159 | D:1      | Gained mutation: You have large cloven feet. [demonic
                  | ancestry]
   159 | D:1      | Reached XP level 2. HP: 19/22 MP: 2/2
   188 | D:1      | Reached skill level 3 in Maces & Flails
   472 | D:2      | Noticed Robin
   476 | D:2      | Gained mutation: A weak demonic guardian rushes to your
                  | aid. [demonic ancestry]
   476 | D:2      | Reached XP level 3. HP: 22/27 MP: 3/3
   496 | D:2      | Killed Robin
   957 | D:2      | Reached XP level 4. HP: 24/34 MP: 4/4
  1366 | D:3      | Reached skill level 1 in Armour
  1404 | D:3      | Reached skill level 4 in Maces & Flails
  1411 | D:3      | Noticed Purgy
  1729 | D:3      | Reached XP level 5. HP: 34/39 MP: 5/5
  1738 | D:3      | Noticed an orc warrior
  1788 | D:3      | Killed an orc warrior
  1791 | D:3      | Gained mutation: You are partially covered in sharp spines.
                  | [demonic ancestry]
  1791 | D:3      | Reached XP level 6. HP: 19/46 MP: 6/6
  1827 | D:3      | Noticed Natasha
  1833 | D:3      | Killed Natasha
  1843 | D:3      | Noticed Natasha
  2163 | D:3      | HP: 2/47 [orc priest/nerve-wracking pain (12)]
  2164 | D:3      | Reached skill level 5 in Maces & Flails
  2470 | D:3      | Found a transporter.
  2471 | D:3      | Noticed Ijyb
  2515 | D:3      | HP: 2/47 [acid (12)]
  2516 | D:3      | Killed Ijyb
  2616 | D:4      | Noticed Menkaure
  2626 | D:4      | Killed Menkaure
  2626 | D:4      | Reached XP level 7. HP: 45/52 MP: 7/7
  2639 | D:4      | Noticed Pikel
  2653 | D:4      | Killed Pikel
  2653 | D:4      | Reached skill level 6 in Maces & Flails
  2653 | D:4      | Reached XP level 8. HP: 40/60 MP: 8/8
  2814 | D:4      | Found an ancient bone altar of Kikubaaqudgha.
  2814 | D:4      | Found a shattered altar of Ashenzari.
  2816 | D:4      | Found a blossoming altar of Fedhas.
  2816 | D:4      | Found a shimmering blue altar of Sif Muna.
  3212 | D:4      | Gained mutation: You are clumsy. (Dex -2) [potion of
                  | mutation]
  3212 | D:4      | Gained mutation: You have a pair of small horns on your
                  | head. [potion of mutation]
  3275 | D:5      | Entered Level 5 of the Dungeon
  3323 | D:3      | Killed Purgy
  3353 | D:3      | Found a stormy altar of Qazlal.
  3466 | D:3      | Killed Natasha
  3511 | D:3      | Noticed Amplified's ghost (amateur MiAK)
  3536 | D:3      | Noticed Natasha
  3544 | D:3      | Killed Natasha
  3608 | D:3      | Found a transporter.
  3690 | D:3      | Killed Amplified's ghost
  3690 | D:3      | Reached skill level 7 in Maces & Flails
  4145 | D:5      | Noticed Duvessa
  4148 | D:5      | Noticed Dowan
  4153 | D:5      | Killed Duvessa
  4153 | D:5      | Reached skill level 5 in Fighting
  4167 | D:5      | Killed Dowan
  4167 | D:5      | Reached skill level 5 in Dodging
  4177 | D:5      | Gained mutation: You are partially covered in molten
                  | scales. (AC +2) [demonic ancestry]
  4177 | D:5      | Reached XP level 9. HP: 61/68 MP: 9/9
  4199 | D:5      | Found an ornate altar of the Wu Jian Council.
  4272 | D:5      | Found Jedgh's Armour Boutique.
  4286 | D:5      | Reached skill level 5 in Armour
  4619 | D:6      | Reached skill level 8 in Maces & Flails
  4851 | D:6      | Noticed a moth of wrath
  4860 | D:6      | Found a bloodstained altar of Trog.
  5224 | D:6      | Found an opulent altar of Gozag.
  5224 | D:6      | Found a sacrificial altar of Ru.
  5374 | D:6      | Became a worshipper of Ru the Awakened
  5462 | D:7      | Noticed Harold
  5484 | D:7      | Killed Harold
  5484 | D:7      | Reached skill level 9 in Maces & Flails
  5484 | D:7      | Reached skill level 1 in Evocations
  5680 | D:7      | Found a staircase to the Ecumenical Temple.
  5706 | D:7      | Found a shadowy altar of Dithmenos.
  5768 | D:7      | HP: 2/69 [wight/+1 hand axe of distortion (3)]
  5768 | D:7      | Mangled by a wight

Levels and vault maps discovered:
D:1:      lemuel_arrival_broad_hall, layout_rooms
D:2:      layout_loops_cross, grunt_ministairs_8, uniq_robin
D:3:      layout_basic, marbit_many_paths, gammafunk_ghost_gnarly_gnolls,
          ebering_dispersal_statue_hall, uniq_natasha, uniq_ijyb, uniq_purgy
D:4:      layout_cave_pools, chequers_temple_overflow_statue_of_worship,
          cheibrodos_sewer_entry_bend, hangedman_decor_riveting,
          minmay_snake_closets, uniq_menkaure, uniq_pikel
D:5:      layout_cave_pools, old_standard_altar, first_ration, serial_shops,
          shop, minmay_misc_feat_plants, uniq_duvessa
D:6:      layout_cave_pods, tgw_trog, gammafunk_temple_overflow_pools
D:7:      layout_rooms, minmay_temple_entry_butterflies,
          nicolae_dithmenos_the_darkroom, uniq_harold

Skill      XL: |  1  2  3  4  5  6  7  8  9 |
---------------+----------------------------+-----
Dodging        | 3 4 5 |  5.5
Maces & Flails | 3 4 5 6 7 9 |  9.3
Armour         | 1 2 3 4 6 |  6.0
Fighting       | 3 4 5 |  5.9
Evocations     | 1 |  1.1
Throwing       | |  1.7

Action                   |  1- 3 |  4- 6 |  7- 9 || total
-------------------------+-------+-------+-------++-------
Melee: Flail             |   108 |   109 |   199 ||   416
       Kick              |    22 |    24 |    61 ||   107
       Headbutt          |       |       |    27 ||    27
Throw: Throwing net      |       |     2 |     2 ||     4
Evoke: Wand              |       |       |     5 ||     5
  Use: Scroll            |     5 |     3 |     6 ||    14
       Potion            |       |     5 |     3 ||     8
 Stab: Sleeping          |     1 |       |       ||     1
       Held in net/web   |       |       |     1 ||     1
  Eat: Chunk             |       |     5 |    10 ||    15
Armor: Leather armour    |    33 |     7 |       ||    40
       Ring mail         |       |    27 |    55 ||    82
Dodge: Dodged            |    87 |    63 |   134 ||   284
